 Dungeon Crawl Stone Soup version 0.23.0-3-gf3c87f2 (webtiles) character file.

Game seed: 2695388696449969936

81 SeriousVitamin the Firebug (level 4, 0/24 HPs)
             Began as a Deep Elf Fire Elementalist on Feb 23, 2019.
             Was an Initiate of Vehumet.
             Killed from afar by an orc wizard (8 damage)
             ... with a puff of flame
             ... on level 3 of the Dungeon.
             The game lasted 00:04:01 (1615 turns).

SeriousVitamin the Firebug (DEFE)                   Turns: 1615, Time: 00:04:02

Health: 0/24       AC:  3    Str:  6    XL:     4   Next: 19%
Magic:  0/11       EV: 13    Int: 20    God:    Vehumet [......]
Gold:   112        SH:  0    Dex: 15    Spells: 9/10 levels left

rFire    . . .     SeeInvis .   (no weapon)
rCold    . . .     Gourm    .   (no shield)
rNeg     . . .     Faith    .   a - +0 robe
rPois    +         Spirit   .   g - +0 helmet
rElec    .         Reflect  .   (no cloak)
rCorr    .         Harm     .   (no gloves)
MR       .....                  (no boots)
Stlth    ++........             (no amulet)
HPRegen  0.08/turn              n - ring of poison resistance
MPRegen  0.12/turn              (no ring)

@: very slightly contaminated
A: no striking features
a: Renounce Religion


You were on level 3 of the Dungeon.
You worshipped Vehumet.
Vehumet was noncommittal.
You were not hungry.

You visited 1 branch of the dungeon, and saw 3 of its levels.

You collected 112 gold pieces.

Inventory:

Armour
 a - a +0 robe (worn)
 g - a +0 helmet (worn)
Jewellery
 n - a ring of poison resistance (left hand)
Scrolls
 b - a scroll of noise {unknown}
 e - a scroll of magic mapping {unknown}
 f - a scroll of fog {unknown}
 h - 2 scrolls of identify {unknown}
 i - 2 scrolls of teleportation {unknown}
 m - a scroll of remove curse {unknown}
Potions
 d - a potion of invisibility {unknown}
 j - a potion of cancellation {unknown}
 k - 2 potions of curing
 l - 2 potions of degeneration {unknown}
Comestibles
 c - 3 rations


   Skills:
 - Level 2.4 Dodging
 - Level 2.4 Stealth
 + Level 3.7 Spellcasting
 * Level 2.9 Conjurations
 * Level 4.3 Fire Magic


You had 9 spell levels left.
You knew the following spells:

 Your Spells              Type           Power        Failure   Level  Hunger
a - Flame Tongue          Conj/Fire      ###..        3%          1    None

Your spell library contained the following spells:

 Spells                   Type           Power        Failure   Level  Hunger
 Throw Flame              Conj/Fire      ###...       4%          2    ##.....
 Conjure Flame            Conj/Fire      ###.....     9%          3    ###....
 Inner Flame              Hex/Fire       ##......     16%         3    ###....
 Sticky Flame             Conj/Fire      ###.....     28%         4    ####...
 Fireball                 Conj/Fire      ###.......   63%         5    ######.


Dungeon Overview and Level Annotations

Branches:
Dungeon (3/15)

Altars:
Ashenzari
Hepliaklqana
Ru
Vehumet
Xom


Message History

Aim: an orc, wielding a +0 hand axe The flame tongue hits the orc.
The orc is lightly wounded.
Something hits you.
* * * LOW HITPOINT WARNING * * *
It was a potion of curing.
You feel better. Something hits you. x2
Casting: Flame Tongue (safe; 3% risk of failure)
Confirm with . or Enter, or press ? or * to list all spells.
Aiming: Flame Tongue (safe; 3% risk of failure)
Press: ? - help, Shift-Dir - straight line, f/p - orc
Aim: an orc, wielding a +0 hand axe (lightly wounded)
The flame tongue hits the orc!
You kill the orc!
Vehumet accepts your kill. Something hits you but does no damage.
Something hits you.
You hear some strange, mumbled words.
A puff of flame appears from out of thin air!
The puff of flame hits you!
You die...

#.......# .#
#.{o#.### .#
##......##### .#
#..##.#.....##.# ###
.....
#.###†...#.##.....
###.#. ..#
#)#...........
#.#.#..#
#)##..###..... .
.....# #{##......#
#.
......##..@....###
...........>....###
........#.##.#...###
..####..............
. ...#...<....##>...
#..........# ...
###...÷....# .
#........#
#...........


There were no monsters in sight!

Vanquished Creatures
  An orc wizard (D:3)
  2 adders (D:2)
  5 dart slugs
  2 leopard geckos (D:1)
  2 orcs (D:3)
  2 giant cockroaches (D:2)
  3 goblins
  7 bats
  3 frilled lizards
  7 kobolds
  7 rats
41 creatures vanquished.

Notes
Turn   | Place    | Note
-------+----------+-------------------------------------------
     0 | D:1      | SeriousVitamin the Deep Elf Fire Elementalist began the
                  | quest for the Orb.
     0 | D:1      | Reached XP level 1. HP: 10/10 MP: 6/6
   232 | D:1      | Reached XP level 2. HP: 5/15 MP: 5/8
   907 | D:2      | Reached XP level 3. HP: 19/19 MP: 3/9
  1015 | D:2      | Reached skill level 4 in Fire Magic
  1112 | D:2      | Found a radiant altar of Vehumet.
  1114 | D:2      | Found a sacrificial altar of Ru.
  1132 | D:2      | Became a worshipper of Vehumet
  1164 | D:2      | Found a hazy altar of Hepliaklqana.
  1324 | D:2      | Found a shattered altar of Ashenzari.
  1333 | D:2      | Found a shimmering altar of Xom.
  1609 | D:3      | Reached XP level 4. HP: 6/24 MP: 2/11
  1611 | D:3      | HP: 1/24 [something (3)]
  1615 | D:3      | Killed from afar by an orc wizard

Skill      XL: |  1  2  3 |
---------------+----------+-----
Conjurations   | 2 |  2.9
Fire Magic     | 4 |  4.3
Dodging        | |  2.4
Stealth        | |  2.4
Spellcasting   | |  3.7

Action                   |  1- 3 |  4- 6 || total
-------------------------+-------+-------++-------
Melee: Unarmed           |     4 |       ||     4
 Cast: Flame Tongue      |    64 |     4 ||    68
  Use: Potion            |       |     1 ||     1
  Eat: Chunk             |     2 |       ||     2
Armor: Robe              |     4 |     1 ||     5
Dodge: Dodged            |    22 |     1 ||    23
